 Dungeon Crawl Stone Soup version 0.30-a0-857-gcaf70739d4 (webtiles) character file.

Game seed: 15305418852935081153

40 bande the Covered (level 3, -2/24 HPs)
             Began as a Gargoyle Fighter on Mar 6, 2023.
             Killed by nerve-wracking pain
             ... invoked by Grinder
              (5 damage)
             ... on level 3 of the Dungeon.
             The game lasted 00:03:34 (1763 turns).

bande the Covered (Gargoyle Fighter)                Turns: 1763, Time: 00:03:34

Health: -2/24      AC: 11    Str: 18 (19) XL:     3   Next: 50%
Magic:  3/3        EV:  9    Int:  5 (8)  God:
Gold:   73         SH:  4    Dex:  9 (11) Spells: 2/2 levels left

rFire   . . .      SeeInvis .    a - +1 war axe
rCold   . . .      Faith    .    c - +0 buckler
rNeg    + . .      Spirit   .    b - +0 scale mail
rPois   ∞          Reflect  .    (no helmet)
rElec   +          Rampage  .    p - +0 cloak
rCorr   +                        (no gloves)
Will    .....                    (no boots) Stlth
                                 (no amulet)
HPRegen 0.24/turn                o - ring of resist corrosion
MPRegen 0.08/turn                (no ring)

@: mighty
A: sickness immunity, AC +3, negative energy resistance 1, electricity
resistance, torment resistance 1, petrification resistance
a: no special abilities


You were on level 3 of the Dungeon.
You visited 1 branch of the dungeon, and saw 3 of its levels.

You collected 73 gold pieces.

Inventory:

Hand Weapons
 a - a +1 war axe (weapon)
Armour
 b - a +0 scale mail (worn)
 c - a +0 buckler (worn)
 p - a +0 cloak (worn)
Jewellery
 o - a ring of resist corrosion (left hand)
Scrolls
 e - 2 scrolls of amnesia
 i - a scroll of magic mapping
 l - a scroll of teleportation
Potions
 h - 3 potions of mutation
 j - a potion of flight


   Skills:
 + Level 3.6 Fighting
 + Level 2.4 Axes
 + Level 3.8 Armour
 - Level 0.2 Dodging
 + Level 3.5 Shields


You had 2 spell levels left.
You didn't know any spells.
Your spell library contained the following spells:

 Spells                   Type           Power      Damage    Failure   Level
 Gell's Gravitas          Tloc           0%         N/A       100%        3
 Teleport Other           Tloc           0%         N/A       100%        3
 Dispersal                Tloc           0%         N/A       100%        6


Dungeon Overview and Level Annotations

Branches:
Dungeon (3/15)

Altars:

Shops:
D:1 :

Annotations:
D:3 Grinder


Innate Abilities, Weirdness & Mutations

You are immune to sickness and miasma.
Your stone body is resilient. (AC +3)
You are immune to poison.
You resist negative energy. (rN+)
You are resistant to electric shocks. (rElec)
You are resistant to unholy torment.
You are immune to petrification.


Message History

You feel weakened.
You feel dopey.
You feel clumsy. The kobold hits you but does no damage.
You feel very mighty all of a sudden. The kobold hits you but does no damage.
You slash the kobold!
You kill the kobold!
Things that are here:
a +0 dagger; 5 poisoned darts; a kobold corpse Grinder attacks as you move away!
Grinder closely misses you.
You closely miss Grinder.
Grinder is lightly wounded.
Grinder blinks!
Things that are here:
a +0 dagger; 5 poisoned darts; a kobold corpse You barely miss Grinder.
You block Grinder's attack. Grinder completely misses you.
You closely miss Grinder. You block Grinder's attack.
You barely miss Grinder. Grinder hits you but does no damage. x2
You slash Grinder!
Grinder is moderately wounded.
Grinder gestures at you. Pain shoots through your body!
* * * LOW HITPOINT WARNING * * *
You hit Grinder.
Grinder is heavily wounded.
Grinder hits you.
* * * LOW HITPOINT WARNING * * *
You hit Grinder.
Grinder is severely wounded.
Grinder hits you but does no damage. Grinder gestures at you.
You suddenly lose the ability to move!
Grinder says, "There's only one good use for a tongue: cutting it out."
Grinder hits you but does no damage.
You can move again.
You slash Grinder!
Grinder is almost dead.
Grinder gestures at you. Pain shoots through your body!
You die...

# ##### #.##
#...#
...##...#
......# .###
#....#
....###...###
#......)....#
#####..@..###
#..5..#
#.....#
#...###
#.#..#
#..##.## #.#
#..### #.
##...# #.
###.# ..#


You could see Grinder.

Vanquished Creatures
  2 dart slugs (D:1)
  5 endoplasms
  A giant cockroach (D:1)
  5 goblins
  2 hobgoblins (D:1)
  5 kobolds
  4 ball pythons
  4 bats
  2 frilled lizards
  2 rats
32 creatures vanquished.

Notes
Turn   | Place    | Note
-------+----------+-------------------------------------------
     0 | D:1      | bande the Gargoyle Fighter began the quest for the Orb.
     0 | D:1      | Reached XP level 1. HP: 14/14 MP: 1/1
   215 | D:1      | Reached XP level 2. HP: 14/19 MP: 2/2
   440 | D:1      | Found Etharph's Vocational Training.
   584 | D:1      | Reached XP level 3. HP: 20/23 MP: 3/3
  1740 | D:3      | Noticed Grinder
  1761 | D:3      | Paralysed by Grinder for 2 turns
  1763 | D:3      | Killed from afar by Grinder

Illustrated notes

Levels and vault maps discovered:
D:1:      dpeg_arrival_three_bigger_balls, layout_loops_ring,
          nicolae_shop_vocational
D:2:      layout_loops_ring, nicolae_concentric_dashed_squares_mild,
          kennysheep_cross_room, kennysheep_generic_room_14
D:3:      layout_rooms, nicolae_ecumenical_snake_handling, uniq_grinder

Skill      XL: |  1  2 |
---------------+-------+-----
Axes           | 2 |  2.4
Fighting       | |  3.6
Armour         | |  3.8
Dodging        | |  0.2
Shields        | |  3.5

Action                     || total
---------------------------++-------
  Melee: War axe           ||    95
    Use: Scroll            ||     8
         Potion            ||     3
 Armour: Scale mail        ||    65
  Dodge: Dodged            ||    38
  Block: Buckler           ||    19

Table legend: (Time is in decaauts)
 A = Elapsed time spent in this place.
 B = Non-inter-level travel time spent in this place.
 C = Inter-level travel time spent in this place.
 D = Time resting spent in this place.
 E = Time spent auto-exploring this place.
 F = Levels seen in this place.
 G = Mean time per level.
                   A        B        C        D        E       F      G
               +--------+--------+--------+--------+--------+-----+--------+
         Total |   1803 |   1592 |    211 |      0 |   1281 |   3 |  601.0 |
       Dungeon |   1803 |   1592 |    211 |      0 |   1281 |   3 |  601.0 |
               +--------+--------+--------+--------+--------+-----+--------+

Top non-repeatable levels by time:
     D:1: 979 daAuts
     D:2: 745 daAuts
     D:3: 79 daAuts
